 Dungeon Crawl Stone Soup version 0.15-a0-1579-gd26fec2 (webtiles) character file.

2838 Chiseanne the Covert (level 9, -2/57 HPs)
             Began as a Mummy Fire Elementalist on June 19, 2014.
             Was an Initiate of Gozag.
             Slain by a six-headed hydra (7 damage)
             ... on Level 6 of the Dungeon.
             The game lasted 00:55:23 (40566 turns).

Chiseanne the Covert (Mummy Fire Elementalist)     Turns: 40566, Time: 00:55:23

HP  -2/57        AC  9     Str 12      XL: 9   Next: 46%
MP  29/29        EV 10     Int 16      God: Gozag
Gold 413         SH  0     Dex 12      Spells:  4 memorised,  7 levels left

rFire  x . .     SeeInvis .     e - lantern of shadows
rCold  + . .     Clarity  .     m - +3 leather armour of the Worm {+Blink Str+1 Int-1 Slay+3 Stlth+}
rNeg   + + +     rCorr    .     (no shield)
rPois  +         rRot     +     (no helmet)
rElec  .         Spirit   .     B - +0 cloak
SustAb .         Warding  .     (no gloves)
rMut   .         Stasis   .     (no boots)
Gourm  .                        (no amulet)
MR     +....                    h - ring of magical power
                                p - +2 ring of protection

@: somewhat resistant to hostile enchantments, extremely unstealthy
A: no food or potions, fire vulnerability, restore body, cold resistance 1, life
protection 3, poison resistance, torment resistance, unbreathing
a: Potion Petition, Call Merchant, Bribe Branch, Renounce Religion, Evoke Blink


You were on level 6 of the Dungeon.
You worshipped Gozag.
Gozag was noncommittal.
You were not hungry.

You visited 2 branches of the dungeon, and saw 8 of its levels.

You collected 1525 gold pieces.
You spent 1036 gold pieces at shops.
You paid 76 gold pieces to Gozag.

Inventory:

Hand weapons
 d - a +2 short sword of venom
 f - a +1 vampiric dagger
 q - a +3 sling of flaming
 s - a +3 dagger of protection
 w - a +0 blowgun
 x - a +2 whip of draining
 y - a +0 spear of dragon slaying
 A - a +2 dagger of flaming
Missiles
 c - 8 tomahawks (quivered)
 i - 23 bolts
 r - 126 sling bullets
 t - 46 poisoned needles
 v - 3 throwing nets
Armour
 l - the +0 leather armour "Fohous" {rElec rN+}
   (You found it on level 4 of the Dungeon)

   It insulates you from electricity.
   It protects you from negative energy.
 m - the +3 leather armour of the Worm (worn) {+Blink Str+1 Int-1 Slay+3 Stlth+}
   (You found it on level 4 of the Dungeon)

   It affects your strength (+1).
   It affects your intelligence (-1).
   It affects your accuracy and damage with ranged weapons and melee attacks
   (+3).
   It lets you blink.
   It makes you more stealthy.
 B - a +0 cloak (worn)
Magical devices
 z - a wand of heal wounds (3)
 D - a wand of fire (5)
Scrolls
 g - 3 scrolls of remove curse
 j - 2 scrolls of teleportation
 k - 8 scrolls of identify
 n - 2 scrolls of enchant armour
Jewellery
 h - a ring of magical power (right hand)
 o - an uncursed ring of protection from fire
 p - a +2 ring of protection (left hand)
 u - an uncursed ring of invisibility
Books
 b - a book of Flames

   Spells                             Type                      Level
   *Flame Tongue                      Conjuration/Fire             1
   *Throw Flame                       Conjuration/Fire             2
   *Conjure Flame                     Conjuration/Fire             3
   *Inner Flame                       Hexes/Fire                   3
   Sticky Flame                       Conjuration/Fire             4
   Fireball                           Conjuration/Fire             5
Magical staves
 a - an uncursed staff of fire
Miscellaneous
 e - a lantern of shadows (in hand)


   Skills:
 - Level 1.5 Dodging
 - Level 8.2 Stealth
 - Level 4.3 Spellcasting
 - Level 0.7 Conjurations
 - Level 4.6 Fire Magic
 * Level 6.5 Evocations


You had 7 spell levels left.
You knew the following spells:

 Your Spells              Type           Power        Failure   Level  Hunger
a - Flame Tongue          Conj/Fire      #....        8%          1    N/A
b - Throw Flame           Conj/Fire      #.....       10%         2    N/A
c - Conjure Flame         Conj/Fire      #.......     17%         3    N/A
d - Inner Flame           Hex/Fire       #.......     21%         3    N/A

Dungeon Overview and Level Annotations

Branches:
Dungeon (7/15)             Temple (1/1) D:4

Altars:
Ashenzari
Cheibriados
Dithmenos
Fedhas
Gozag
Kikubaaqudgha
Makhleb
Okawaru
Sif Muna
Vehumet
Xom
Zin
The Shining One

Shops:
D:5 }


Innate Abilities, Weirdness & Mutations

You do not eat or drink.
Your flesh is vulnerable to fire.
Your flesh is cold resistant.
You are immune to negative energy.
Your system is resistant to poisons.
You are immune to unholy pain and torment.
You can survive without breathing.


Message History

Your shadow slips into darkness for a moment. x2
The six-headed hydra bites you but does no damage.
Your memorisation is interrupted.
The six-headed hydra bites you. The six-headed hydra bites you.
The six-headed hydra bites you but does no damage.
The six-headed hydra bites you! x2
Read which item? (? for menu, Esc to quit)
As you read the scroll of fear, it crumbles to dust.
You assume a fearsome visage.
Your shadow is unaffected. x3
The six-headed hydra resists with almost no effort.
Your shadow strikes at the six-headed hydra from the darkness!
The six-headed hydra completely misses you.
The six-headed hydra bites you.
The six-headed hydra completely misses you.
The six-headed hydra barely misses you. The six-headed hydra bites you!
* * * LOW HITPOINT WARNING * * *
The six-headed hydra bites you!
You die...
Your body crumbles into a pile of gold.

######### #.......#
#########.)((.W@########
##............§(D.).)...#
.§W............WW######.#
##...#####...))).# #.#
.W§.## #.......#
#W######### #####
#.......# #W..W..§.W.
####.#### ###########
##.######### #..........#


You could see a six-headed hydra and 3 friendly shadows.

Vanquished Creatures
  2 sky beasts
  An ice beast (D:5)
  A phantom (D:4)
  2 ogres
  The ghost of Econoterrorist the Slasher, an average HESk (D:3)
  2 orc priests (D:4)
  A hound (D:4)
  A worker ant (D:3)
  Jessica (D:3)
  5 gnolls
  13 adders
  A shadow imp (D:5)
  A giant mite (D:2)
  6 worms
  An orc skeleton (D:5)
  A giant gecko (D:3)
  14 orcs
  7 giant cockroaches
  18 goblins
  19 hobgoblins
  4 jackals
  5 quokkas
  2 ball pythons
  22 bats
  7 giant newts
  A goblin skeleton (D:2)
  14 kobolds
  12 rats
165 creatures vanquished.

Vanquished Creatures (collateral kills)
  An unseen horror (D:5)
  Pikel (D:6)
  The ghost of Money the Cleaver, an experienced HOGl of Cheibriados (D:6)
  An ugly thing (D:5)
  5 ogres
  A slave (D:6)
  2 orc warriors
  2 centaurs (D:6)
  A sky beast (D:5)
  A giant frog (D:6)
  A crimson imp (D:6)
  2 goliath beetles (D:6)
  2 giant frog zombies
  2 orc priests
  4 gnoll shamans (D:5)
  2 hounds
  2 worker ants (D:6)
  2 iguanas
  An orc wizard (D:5)
  2 adders
  42 gnolls (D:5)
  A shadow imp (D:5)
  A worm (D:6)
  2 giant geckos
  An ooze (D:6)
  9 orcs
  A ball python (D:5)
  A giant cockroach (D:6)
  14 jackals (D:5)
  5 kobolds
  A bat (D:5)
  A giant newt (D:5)
  4 goblins
  A hobgoblin zombie (D:5)
  A kobold zombie (D:5)
  An orc zombie (D:6)
  A quokka (D:6)
  3 rats
  2 rat skeletons (D:5)
  A rat zombie (D:6)
129 creatures vanquished.

Vanquished Creatures (others)
  12 shadows
  An ice beast (D:6)
  3 slaves (D:6)
  A hound (D:6)
  An orc priest (D:6)
  An adder (D:6)
  A shadow imp (D:6)
  An orc (D:6)
  2 goblins (D:6)
  A jackal (D:6)
  13 giant spores (D:6)
  An orc zombie (D:6)
  4 ballistomycetes (D:6)
42 creatures vanquished.

Grand Total: 336 creatures vanquished

Notes
Turn   | Place    | Note
--------------------------------------------------------------
     0 | D:1      | Chiseanne, the Mummy Fire Elementalist, began the quest for the Orb.
     0 | D:1      | Reached XP level 1. HP: 13/13 MP: 3/3
   455 | D:1      | Reached XP level 2. HP: 7/19 MP: 1/4
   460 | D:1      | Learned a level 2 spell: Throw Flame
  1222 | D:1      | Reached skill level 3 in Fire Magic
  1298 | D:2      | Reached XP level 3. HP: 21/24 MP: 6/6
  1721 | D:2      | Reached XP level 4. HP: 27/30 MP: 8/8
  1929 | D:3      | Learned a level 3 spell: Conjure Flame
  1933 | D:3      | Learned a level 3 spell: Inner Flame
  5648 | D:2      | Reached skill level 4 in Fire Magic
  7293 | D:2      | Reached XP level 5. HP: 35/35 MP: 3/11
  7647 | D:2      | Noticed a cyclops
  7694 | D:3      | Noticed Econoterrorist's ghost (average HESk)
  7708 | D:3      | Killed Econoterrorist's ghost
  7808 | D:3      | Found an opulent altar of Gozag.
  7831 | D:3      | Became a worshipper of Gozag Ym Sagoz the Greedy
  8209 | D:3      | Reached XP level 6. HP: 35/41 MP: 0/15
  8814 | D:3      | Noticed Jessica
  8816 | D:3      | Killed Jessica
  9003 | D:4      | Got a crude leather armour
  9025 | D:3      | Identified the +3 leather armour of the Worm {+Blink Str+1 Int-1 Slay+3 Stlth+} (You found it on level 4 of the Dungeon)
 13778 | D:3      | Noticed a centaur warrior
 13819 | D:4      | Reached skill level 1 in Evocations
 14104 | D:4      | Reached XP level 7. HP: 42/46 MP: 7/17
 14327 | D:4      | Got a polished leather armour
 14348 | D:4      | Identified the cursed +0 leather armour "Fohous" {rElec rN+} (You found it on level 4 of the Dungeon)
 14426 | D:4      | Found a staircase to the Ecumenical Temple.
 14443 | Temple   | Entered the Ecumenical Temple
 14971 | D:5      | Entered Level 5 of the Dungeon
 23876 | D:4      | Noticed a fire giant
 24194 | D:5      | Found Buunykha's Gadget Shop.
 24211 | D:5      | Bought a lantern of shadows for 280 gold pieces
 24233 | D:5      | Reached skill level 5 in Stealth
 24233 | D:5      | Reached XP level 8. HP: 52/52 MP: 14/18
 24638 | D:5      | Found an iron altar of Okawaru.
 25020 | D:5      | Reached skill level 6 in Stealth
 25301 | D:5      | Noticed a brown ugly thing
 25318 | D:5      | Killed a brown ugly thing
 25829 | D:5      | Bought a wand of heal wounds (5) for 756 gold pieces
 31301 | D:5      | Killed an unseen horror
 31301 | D:5      | Reached skill level 7 in Stealth
 32802 | D:6      | Noticed Pikel
 32825 | D:6      | Killed Pikel
 32825 | D:6      | Reached skill level 8 in Stealth
 32825 | D:6      | Reached XP level 9. HP: 57/57 MP: 20/20
 33108 | D:6      | Noticed Money's ghost (experienced HOGl)
 33120 | D:6      | Killed Money's ghost
 33202 | D:6      | Reached skill level 5 in Evocations
 40561 | D:6      | Noticed a six-headed hydra
 40566 | D:6      | Slain by a six-headed hydra

Action                   |  1- 3 |  4- 6 |  7- 9 || total
-------------------------+-------+-------+-------++-------
Melee: Spear             |    54 |       |       ||    54
       Unarmed           |     1 |       |       ||     1
       Dagger            |    75 |   120 |    18 ||   213
       Short sword       |       |       |    20 ||    20
       Staff             |       |       |     1 ||     1
 Fire: Blowgun           |       |    13 |    58 ||    71
       Sling             |       |     5 |     9 ||    14
Throw: Tomahawk          |       |     1 |       ||     1
 Cast: Flame Tongue      |    18 |    86 |    38 ||   142
       Throw Flame       |       |    42 |    10 ||    52
       Conjure Flame     |       |     4 |     2 ||     6
Evoke: Wand              |       |       |     3 ||     3
  Use: Scroll            |     5 |     4 |     5 ||    14
 Stab: Sleeping          |     1 |     1 |     5 ||     7
       Distracted        |     1 |       |     2 ||     3
